 Dungeon Crawl Stone Soup version 0.25-a0-1133-g93ebf739aa (webtiles) character file.

Game seed: 5542279369118192129, levelgen mode: deterministic

2683 Flugslaktarn the Chopper (level 9, -3/56 HPs)
             Began as a Gargoyle Fighter on May 20, 2020.
             Was a Priest of Okawaru.
             Shot with an arrow by a centaur (10 damage)
             ... summoned by a glowing orange brain
             ... on level 9 of the Dungeon.
             The game lasted 00:25:28 (2666 turns).

Flugslaktarn the Chopper (Gargoyle Fighter)         Turns: 2666, Time: 00:25:29

Health: -3/56      AC: 17    Str: 23 (26) XL:     9   Next: 64%
Magic:  12/12      EV:  6    Int: 10 (12) God:    Okawaru [***...]
Gold:   148        SH:  0    Dex:  7 (9)  Spells: 8/8 levels left

rFire    . . .     SeeInvis .   a - +0 war axe
rCold    . . .     Gourm    .   p - +3 tower shield of Mysticism {Str+3 Int+3 Stlth+}
rNeg     + . .     Faith    .   j - +0 scale mail
rPois    ∞         Spirit   .   d - +2 helmet
rElec    +         Reflect  .   (no cloak)
rCorr    .         Harm     .   (no gloves)
MR       .....                  (no boots)
Stlth    +.........             (no amulet)
HPRegen  0.18/turn              m - ring of stealth
MPRegen  0.13/turn              (no ring)

@: confused, stab
A: negative energy resistance 1, electricity resistance, unbreathing,
petrification resistance, rot immunity, AC +6
a: Heroism, Renounce Religion


You were on level 9 of the Dungeon.
You worshipped Okawaru.
Okawaru was most pleased with you.
You were hungry.

You visited 2 branches of the dungeon, and saw 10 of its levels.

You collected 414 gold pieces.
You spent 266 gold pieces at shops.

Inventory:

Hand Weapons
 a - a +0 war axe (weapon)
 b - a +0 rapier of speed
   (You found it on level 5 of the Dungeon)
 g - the +3 hunting sling "Paoxow" {freeze, rPois}
   (You found it on level 5 of the Dungeon)

   It causes projectiles fired from it to freeze those they strike, causing
   extra injury to most foes and up to half again as much damage against
   particularly susceptible opponents.
   They can also slow down cold-blooded creatures.
   It protects you from poison.
 o - a +3 flail
   (You took it off a wight on level 6 of the Dungeon)
Missiles
 q - 47 stones (quivered)
Armour
 c - a +0 kite shield
 d - a +2 helmet (worn)
   (You found it on level 4 of the Dungeon)
 i - a +0 chain mail
   (You found it on level 2 of the Dungeon)
 j - a +0 scale mail (worn)
 p - the +3 tower shield of Mysticism (worn) {Str+3 Int+3 Stlth+}
   (You bought it in a shop on level 6 of the Dungeon)

   It affects your strength (+3).
   It affects your intelligence (+3).
   It makes you more stealthy.
Jewellery
 m - a ring of stealth (left hand)
   (You found it on level 8 of the Dungeon)
Wands
 f - a wand of random effects (8)
   (You found it on level 5 of the Dungeon)
Scrolls
 k - a scroll of amnesia
 l - a scroll of enchant weapon
 r - a scroll of identify
 t - 3 scrolls of teleportation
 x - a scroll of remove curse
Potions
 h - a potion of haste
 u - a potion of degeneration
 w - a potion of heal wounds
Comestibles
 e - 17 rations


   Skills:
 + Level 6.8 Fighting
 * Level 7.3 Axes
 + Level 6.9 Armour
 + Level 6.7 Shields
 - Level 4.0 Invocations


You had 8 spell levels left.
You didn't know any spells.
Your spell library was empty.

Dungeon Overview and Level Annotations

Branches:
Dungeon (9/15)             Temple (1/1) D:4
   Lair: D:8-11         Orc: D:9-12

Altars:
Ashenzari
Cheibriados
Elyvilon
Fedhas
Gozag
Kikubaaqudgha
Okawaru
Qazlal
Ru
Sif Muna
Trog
Uskayaw
Vehumet
Xom
The Shining One

Shops:
D:6 [

Annotations:
D:5 Grinder
D:6 Dowan, Duvessa


Innate Abilities, Weirdness & Mutations

You are resistant to torment.
Your stone body is resilient. (AC +6)
You are immune to poison.
You resist negative energy. (rN+)
You are resistant to electric shocks. (rElec)
You can survive without breathing.
You are immune to petrification.
You are immune to rotting.


Message History

You miss the bullfrog. You closely miss the centaur.
You closely miss the sky beast.
The centaur hits you but does no damage.
The bullfrog hits you but does no damage.
The glowing orange brain pulsates.
The centaur completely misses you. The bullfrog barely misses you.
The sky beast flickers out of sight!
Deactivating autopickup; reactivate with Ctrl-A.
Something hits you but does no damage.
Reactivating autopickup.
The centaur wields a +0 shortbow.
The centaur shoots an arrow.
The arrow hits you but does no damage.
The arrow dissolves into shadows!
The bullfrog hits you.
* * * LOW HITPOINT WARNING * * *
The bullfrog hits you but does no damage.
You bump into the rock wall.
The centaur shoots an arrow.
The arrow hits you but does no damage.
The arrow dissolves into shadows!
The bullfrog hits you but does no damage.
The centaur shoots an arrow.
The arrow hits you!
You die...

# #.######## ...!.....#
##########
.........######........#
......o.....[##........#
......hc.###..'........#
......oF.# ####.......>+
......oG@# #.)......#
.........# ###'######
####.##### #.# #. #.# #
#.# #.# #.# #.# #.#


You could see a glowing orange brain shaped shifter, a bullfrog, a centaur
(summoned), a hound (summoned), an orc wizard (summoned) and 2 orcs.

Vanquished Creatures
  A two-headed ogre (D:8)
  Menkaure (D:7)
  A water moccasin (D:6)
  3 sky beasts
  A phantom (D:5)
  2 ogres
  A centaur (D:8)
  A big kobold (D:8)
  3 bullfrogs
  A water moccasin zombie (D:6)
  A scorpion (D:5)
  4 wights (D:6)
  4 howler monkeys
  3 crimson imps
  A jelly (D:7)
  2 orc priests (D:4)
  6 orc wizards
  2 centaur skeletons
  2 worker ants
  7 adders
  A gnoll (D:1)
  A shadow imp (D:8)
  2 oozes
  A dart slug (D:3)
  2 leopard geckos
  17 orcs
  2 ball pythons
  11 bats
  3 hobgoblins
  3 jackals (D:7)
  4 quokkas
  4 frilled lizards
  A goblin (D:3)
  8 kobolds
  A quokka skeleton (D:8)
  5 rats
113 creatures vanquished.

Notes
Turn   | Place    | Note
-------+----------+-------------------------------------------
     0 | D:1      | Flugslaktarn the Gargoyle Fighter began the quest for the
                  | Orb.
     0 | D:1      | Reached XP level 1. HP: 14/14 MP: 1/1
    56 | D:1      | Reached skill level 2 in Axes
    76 | D:1      | Reached XP level 2. HP: 15/19 MP: 2/2
   304 | D:1      | Reached XP level 3. HP: 12/23 MP: 3/3
   566 | D:2      | Found a hide-covered altar of Uskayaw.
   567 | D:2      | Noticed a +0 dagger
   567 | D:2      | Noticed a +0 hand axe
   586 | D:2      | Reached XP level 4. HP: 24/29 MP: 4/4
   755 | D:3      | Reached skill level 3 in Axes
   770 | D:3      | Reached XP level 5. HP: 33/33 MP: 5/5
   832 | D:4      | Reached XP level 6. HP: 30/39 MP: 6/6
   834 | D:4      | Found a staircase to the Ecumenical Temple.
   839 | Temple   | Entered the Ecumenical Temple
   892 | Temple   | Became a worshipper of Warmaster Okawaru
  1098 | D:5      | Entered Level 5 of the Dungeon
  1103 | D:5      | Noticed a phantom
  1136 | D:5      | Killed a phantom
  1136 | D:5      | Reached skill level 4 in Axes
  1157 | D:5      | Reached skill level 1 in Invocations
  1189 | D:5      | Noticed Grinder
  1252 | D:6      | Noticed Duvessa
  1252 | D:6      | Noticed Dowan
  1260 | D:6      | Found Paisk's Antique Armour Boutique.
  1435 | D:4      | Reached XP level 7. HP: 25/44 MP: 7/7
  1730 | D:5      | Reached skill level 5 in Fighting
  1735 | D:5      | Got an iridescent hunting sling
  1755 | D:5      | Identified the +3 hunting sling "Paoxow" {freeze, rPois}
                  | (You found it on level 5 of the Dungeon)
  1808 | D:6      | Reached * piety under Okawaru
  1837 | D:6      | Reached skill level 5 in Armour
  1837 | D:6      | Reached skill level 5 in Shields
  1878 | D:6      | Reached skill level 5 in Axes
  1915 | D:6      | Reached XP level 8. HP: 36/49 MP: 9/9
  2046 | D:6      | Bought an encrusted tower shield for 266 gold pieces
  2056 | D:6      | Identified the +3 tower shield of Mysticism {Str+3 Int+3
                  | Stlth+} (You bought it in a shop on level 6 of the Dungeon)
  2157 | D:7      | Noticed Menkaure
  2183 | D:7      | Killed Menkaure
  2193 | D:7      | Reached ** piety under Okawaru
  2257 | D:7      | Reached skill level 6 in Axes
  2299 | D:7      | Noticed a white ugly thing
  2317 | D:8      | Noticed a two-headed ogre
  2331 | D:8      | Killed a two-headed ogre
  2331 | D:8      | Reached *** piety under Okawaru
  2331 | D:8      | Reached XP level 9. HP: 20/56 MP: 9/12
  2387 | D:8      | Reached skill level 7 in Axes
  2399 | D:8      | Found a stormy altar of Qazlal.
  2562 | D:9      | Found an opulent altar of Gozag.
  2642 | D:9      | Noticed a fire crab
  2642 | D:9      | a spriggan changed into a fire crab
  2643 | D:9      | Noticed a glowing orange brain
  2643 | D:9      | a fire crab changed into a glowing orange brain
  2666 | D:9      | Shot with an arrow by a centaur

Illustrated notes

Levels and vault maps discovered:
D:1:      dpeg_arrival_another_circle, layout_basic, minmay_octomino_c4
D:2:      layout_loops_ring, dancing_weapons_uskayaw, marbit_many_paths
D:3:      layout_loops_ring, st_stairs_9, uniq_sigmund
D:4:      layout_layer_cave, lemuel_coloured_pillars_altar,
          minmay_temple_entry_sparse_star
D:5:      layout_basic, first_ration, uniq_grinder
D:6:      layout_loops_corners, lemuel_zombie_altar_yredelemnul,
          kennysheep_mini, serial_shops, shop_fountains, gammafunk_ghost_hive,
          uniq_duvessa
D:7:      minmay_opposing_rooms, layout_cave_pools, zin_purify,
          serial_park_tiny_1, uniq_menkaure
D:8:      layout_loops_corners, blue_anna_alchemist [blue_anna_fruit_fields,
          blue_anna_fruit_fields], nicolae_qazlal_general_emergency, uniq_pikel
D:9:      layout_roguey, grunt_gozag_statues
Temple:   regret_index_temple_generic_petals

Skill      XL: |  1  2  3  4  5  6  7  8  9 |
---------------+----------------------------+-----
Axes           | 2 3 4 5 6 7 |  7.3
Fighting       | 4 5 6 |  6.8
Armour         | 4 5 6 |  6.9
Shields        | 4 5 6 |  6.7
Invocations    | 1 2 4 |  4.0

Action                   |  1- 3 |  4- 6 |  7- 9 || total
-------------------------+-------+-------+-------++-------
Melee: War axe           |    99 |   132 |   221 ||   452
       Rapier            |       |    57 |       ||    57
       Flail             |       |       |     7 ||     7
 Fire: Hunting sling     |       |       |     7 ||     7
Invok: Heroism           |       |       |     7 ||     7
Evoke: Wand              |       |     8 |     2 ||    10
  Use: Potion            |     1 |     3 |     4 ||     8
       Scroll            |       |     9 |     3 ||    12
  Eat: Ration            |       |     1 |     1 ||     2
Armor: Scale mail        |    84 |    92 |   165 ||   341
       Skin              |       |    26 |     5 ||    31
Dodge: Dodged            |    48 |    54 |    70 ||   172
Block: Kite shield       |    84 |    97 |    69 ||   250
       Tower shield      |       |       |   126 ||   126

Table legend:
 A = Non-vault XP
 B = Vault XP
 C = Vault XP percentage of total XP
 D = Non-vault monster count
 E = Vault monster count
 F = Vault count percentage of total count
                 A         B        C        D         E       F
            +---------+---------+-------+---------+---------+-------
      Total |    3554 |     280 |   7.3 |     104 |       9 |   8.0
            +---------+---------+-------+---------+---------+-------
        D:1 |      38 |       9 |  19.1 |      15 |       5 |  25.0
        D:2 |      23 |       1 |   4.2 |       7 |       1 |  12.5
        D:3 |     169 |       1 |   0.6 |      18 |       1 |   5.3
        D:4 |     235 |       0 |   0.0 |      12 |       0 |   0.0
        D:5 |     419 |       0 |   0.0 |      14 |       0 |   0.0
        D:6 |     575 |       0 |   0.0 |      13 |       0 |   0.0
        D:7 |     422 |     169 |  28.6 |      12 |       1 |   7.7
        D:8 |    1256 |     100 |   7.4 |       7 |       1 |  12.5
        D:9 |     417 |       0 |   0.0 |       6 |       0 |   0.0
            +---------+---------+-------+---------+---------+-------
